 Dungeon Crawl Stone Soup version 0.26-a0-651-gb41185065b (webtiles) character file.

Game seed: 9037824765331616536

11321 Flugslaktarn the Cleaver (level 11, -1/106 HPs)
             Began as a Deep Dwarf Fighter on Oct 12, 2020.
             Was a Priest of Makhleb.
             Slain by Jorgrun
             ... wielding a +0 vorpal quarterstaff
              (3 damage)
             ... while petrified by Jorgrun
             ... on level 12 of the Dungeon.
             The game lasted 00:05:59 (7034 turns).

Flugslaktarn the Cleaver (Deep Dwarf Fighter)       Turns: 7034, Time: 00:06:00

Health: -1/106     AC: 19    Str: 23    XL:     11   Next: 47%
Magic:  1/1 (3)    EV:  2    Int:  7    God:    Makhleb [***...]
Gold:   314        SH:  0    Dex: 14    Spells: 10/10 levels left

rFire    . . .     SeeInvis +   d - +1 executioner's axe (antimagic)
rCold    + . .     Faith    .   (shield currently unavailable)
rNeg     + + +     Spirit   .   j - +0 plate armour of Ywaipod {+Blink MR+ SInv} (curse)
rPois    ∞         Reflect  .   s - +1 helmet
rElec    +         Harm     .   o - +0 cloak
rCorr    .         Rampage  .   (no gloves)
MR       ++...                  m - +0 pair of boots
Stlth    ..........             i - amulet "Voudunt" {Acrobat rElec rC+ Str+3 Int-3}
HPRegen  0.00/turn              (no ring)
MPRegen  0.07/turn              (no ring)

@: petrified, non-regenerating
A: damage resistance, heal wounds, sense surroundings 2, no regeneration
a: Heal Wounds, Minor Destruction, Lesser Servant of Makhleb, Renounce Religion,
Evoke Blink


You were on level 12 of the Dungeon.
You worshipped Makhleb.
Makhleb was most pleased with you.
You visited 2 branches of the dungeon, and saw 15 of its levels.
You also visited: Bailey.

You collected 426 gold pieces.
You spent 112 gold pieces at shops.

Inventory:

Hand Weapons
 a - a +0 war axe of freezing
 d - a +1 antimagic executioner's axe (weapon)
   (You found it in a bailey)
Armour
 b - a +0 plate armour
   (You took it off an orc warrior on level 6 of the Dungeon)
 c - a +0 kite shield
 j - the cursed +0 plate armour of Ywaipod (worn) {+Blink MR+ SInv}
   (You found it on level 8 of the Dungeon)

   It affects your resistance to hostile enchantments.
   It lets you see invisible.
   It lets you blink.
   It has a curse placed upon it.
 m - a +0 pair of boots (worn)
   (You found it on level 2 of the Dungeon)
 o - a +0 cloak (worn)
   (You found it on level 2 of the Dungeon)
 s - a +1 helmet (worn)
   (You took it off Robin on level 4 of the Dungeon)
Jewellery
 i - the amulet "Voudunt" (around neck) {Acrobat rElec rC+ Str+3 Int-3}
   (You found it on level 8 of the Dungeon)

   [amulet of the acrobat]

   It helps you evade while moving and waiting.
   It affects your strength (+3).
   It affects your intelligence (-3).
   It protects you from cold.
   It insulates you from electricity.
Wands
 u - a wand of paralysis (7)
   (You found it on level 10 of the Dungeon)
Scrolls
 g - a scroll of enchant weapon
 l - 3 scrolls of magic mapping
 p - a scroll of random uselessness {unknown}
 r - 3 scrolls of identify
 t - 3 scrolls of teleportation
 v - a scroll of immolation {unknown}
 x - 2 scrolls of remove curse
 z - a scroll of blinking
Potions
 e - 2 potions of lignification
 f - a potion of experience {unknown}
 h - 3 potions of flight
 k - 2 potions of mutation
 n - a potion of cancellation {unknown}
 q - a potion of curing
 w - a potion of haste {unknown}


   Skills:
 + Level 9.6 Fighting
 * Level 11.3 Axes
 + Level 8.7 Armour
 + Level 7.6 Dodging
 - Level 3.6 Shields
 + Level 6.8 Invocations


You had 10 spell levels left.
You didn't know any spells.
Your spell library was empty.

Dungeon Overview and Level Annotations

Branches:
Dungeon (14/15)            Temple (1/1) D:7            Lair (0/6) D:10
 Bailey (visited)
    Orc: D:9-12      Vaults: D:13-14

Altars:
Ashenzari
Cheibriados
Dithmenos
Elyvilon
Fedhas
Gozag
Hepliaklqana
Kikubaaqudgha
Makhleb
Nemelex Xobeh
Okawaru
Ru
Sif Muna
Trog
Uskayaw
Vehumet
Wu Jian
Xom
Zin
The Shining One

Shops:
D:7 *   D:9 !

Annotations:
D:4 3 runed translucent doors, EnegeticOcto's ghost, amateur DDFi
D:10 exclusion: 2 oklob plants
D:12 Jorgrun


Innate Abilities, Weirdness & Mutations

You are resistant to damage.
You can heal yourself by infusing magical energy.
You passively map the area around you.
You do not regenerate.


Message History

The killer bee stings you but does no damage. x3
The killer bee stings you.
* * * LOW HITPOINT WARNING * * *
Jorgrun hits you with a +0 vorpal quarterstaff.
The killer bee completely misses you.
The killer bee stings you but does no damage.
The killer bee stings you but does no damage. x2
The killer bee barely misses you.
The killer bee stings you but does no damage. x2
The killer bee stings you.
* * * LOW HITPOINT WARNING * * *
Jorgrun hits you with a +0 vorpal quarterstaff!
* * * LOW HITPOINT WARNING * * *
x2 The killer bee stings you but does no damage.
The killer bee stings you!
* * * LOW HITPOINT WARNING * * *
The killer bee stings you.
The killer bee stings you but does no damage. x3
Jorgrun hits you with a +0 vorpal quarterstaff!
You die...

, ** , #.##.........# , ,, ,
.#......* #.##.........# ,
......#.... #.#..........# ,
..........## #.#.#.......### , ..
..........###..............
,........##..............#......
..... #.......##........#......
,.....##......y###.........†....
.. ............y@g.........>.....
..###..........y###..............
...............##..(.....#......
#.......................#......
#.............###......<#######
##.....(.......# ####.####
#...........#### * .##
#...........# *.# #...........#
##


You could see Jorgrun and 3 killer bees.

Vanquished Creatures
  A centaur warrior (D:10)
  2 two-headed ogres
  An orc knight (Bailey)
  2 cyclopes
  An ugly thing (D:12)
  Maggie (D:6)
  A troll (D:10)
  Prince Ribbit (D:9)
  4 slime creatures (D:12)
  2 hippogriffs
  A vampire (D:14)
  2 wyverns
  A wraith (D:12)
  Eustachio (D:4)
  Duvessa (D:5)
  3 water moccasins
  14 orc warriors
  2 eyes of draining
  2 sky beasts
  A black bear (D:12)
  3 phantoms
  3 ogres
  3 centaurs
  4 bullfrogs
  A big kobold (D:10)
  Dowan (D:5)
  2 scorpions
  12 killer bees (D:10)
  A howler monkey (D:8)
  A bullfrog zombie (D:6)
  A quasit (D:14)
  A jelly (D:10)
  A centaur skeleton (D:8)
  5 orc priests
  7 hounds
  12 orc wizards
  An iguana (D:10)
  6 worker ants
  A killer bee zombie (D:5)
  A hound skeleton (D:10)
  A hound zombie (D:7)
  A worker ant zombie (D:5)
  Robin (D:4)
  A howler monkey zombie (D:9)
  3 gnolls (D:6)
  5 adders
  A howler monkey skeleton (D:5)
  2 shadow imps
  4 white imps
  An ufetubus (D:5)
  4 oozes
  2 adder skeletons
  A worm (D:4)
  2 dart slugs (D:2)
  45 orcs
  2 giant cockroaches
  12 goblins
  9 hobgoblins
  6 jackals
  7 kobolds
  3 quokkas
  3 ball pythons
  A ball python skeleton (D:2)
  2 bats
  3 frilled lizards
  2 rats
235 creatures vanquished.

Vanquished Creatures (others)
  A gnoll (D:6)
  A worm (D:6)
  An orc (Bailey)
  2 fungi (D:4)
  A plant (D:4)
6 creatures vanquished.

Grand Total: 241 creatures vanquished

Notes
Turn   | Place    | Note
-------+----------+-------------------------------------------
     0 | D:1      | Flugslaktarn the Deep Dwarf Fighter began the quest for the
                  | Orb.
     0 | D:1      | Reached XP level 1. HP: 20/20 MP: 1/1
   309 | D:2      | Reached XP level 2. HP: 20/27 MP: 2/2
   666 | D:2      | Reached skill level 3 in Axes
   666 | D:2      | Reached XP level 3. HP: 19/34 MP: 3/3
   937 | D:3      | Reached XP level 4. HP: 40/42 MP: 4/4
  1049 | D:4      | Reached XP level 5. HP: 39/50 MP: 5/5
  1056 | D:4      | Reached skill level 1 in Dodging
  1107 | D:4      | Noticed Robin
  1112 | D:4      | Noticed Eustachio
  1122 | D:4      | Killed Robin
  1153 | D:4      | Killed Eustachio
  1153 | D:4      | Reached skill level 4 in Axes
  1153 | D:4      | Reached XP level 6. HP: 34/58 MP: 6/6
  1197 | D:4      | Found a runed translucent gate.
  1198 | D:4      | Found a runed translucent gate.
  1198 | D:4      | Noticed EnegeticOcto's ghost (amateur DDFi)
  1199 | D:4      | Found a runed translucent gate.
  1200 | D:4      | Identified the +4 short sword of Untimely Demise {venom,
                  | *Corrode rN+ SInv}
  1573 | D:5      | Entered Level 5 of the Dungeon
  1946 | D:5      | Reached skill level 5 in Axes
  1977 | D:5      | Noticed Duvessa
  1977 | D:5      | Noticed Dowan
  2008 | D:5      | Killed Duvessa
  2008 | D:5      | Reached XP level 7. HP: 41/66 MP: 6/6
  2027 | D:5      | Killed Dowan
  2027 | D:5      | Reached skill level 5 in Fighting
  2166 | D:5      | Found a broken altar of Ashenzari.
  2167 | D:5      | Found a blossoming altar of Fedhas.
  2202 | D:5      | Reached skill level 5 in Armour
  2520 | D:6      | Noticed Maggie
  2544 | D:6      | Killed Maggie
  2544 | D:6      | Reached skill level 6 in Axes
  2544 | D:6      | Reached XP level 8. HP: 42/76 MP: 6/6
  2685 | D:6      | Reached skill level 7 in Axes
  3265 | D:7      | Gained mutation: You passively map the area around you.
                  | [Deep Dwarf growth]
  3265 | D:7      | Reached XP level 9. HP: 50/85 MP: 7/7
  3309 | D:7      | Found a staircase to the Ecumenical Temple.
  3356 | Temple   | Entered the Ecumenical Temple
  3467 | Temple   | Became a worshipper of Makhleb the Destroyer
  3737 | D:7      | Found Keuf's General Store.
  3751 | D:7      | Reached skill level 8 in Axes
  3773 | D:7      | Reached skill level 1 in Invocations
  3801 | D:7      | Bought a scroll of enchant weapon for 112 gold pieces
  4194 | D:8      | Reached skill level 5 in Dodging
  4371 | D:8      | Noticed a two-headed ogre
  4384 | D:8      | Killed a two-headed ogre
  4543 | D:8      | Got a scintillating ruby amulet
  4550 | D:8      | Identified the amulet "Voudunt" {Acrobat rElec rC+ Str+3
                  | Int-3} (You found it on level 8 of the Dungeon)
  4846 | D:8      | Got a buzzing plate armour
  4857 | D:8      | Identified the cursed +0 plate armour of Ywaipod {+Blink
                  | MR+ SInv} (You found it on level 8 of the Dungeon)
  4892 | D:9      | Found Tudul's Distillery.
  4947 | D:9      | Reached skill level 9 in Axes
  5009 | D:9      | Noticed Prince Ribbit
  5029 | D:9      | Killed Prince Ribbit
  5029 | D:9      | Reached XP level 10. HP: 49/96 MP: 6/6
  5098 | D:9      | Found a sparkling altar of Nemelex Xobeh.
  5157 | D:9      | Reached * piety under Makhleb
  5212 | D:9      | Noticed a two-headed ogre
  5222 | D:9      | Killed a two-headed ogre
  5368 | D:10     | Entered Level 10 of the Dungeon
  5435 | D:10     | Noticed a centaur warrior
  5463 | D:10     | Killed a centaur warrior
  5463 | D:10     | Reached skill level 10 in Axes
  5463 | D:10     | Reached skill level 5 in Invocations
  5495 | D:10     | Reached ** piety under Makhleb
  5525 | D:10     | Found a flagged portal.
  5531 | Bailey   | Entered a bailey
  5818 | Bailey   | Noticed an orc knight
  5845 | Bailey   | Killed an orc knight
  5903 | Bailey   | Reached XP level 11. HP: 74/106 MP: 8/8
  6242 | D:10     | Found a staircase to the Lair.
  6242 | D:10     | Noticed an oklob plant
  6312 | D:10     | Noticed an oklob plant
  6405 | D:10     | Reached *** piety under Makhleb
  6703 | D:11     | You fall into a shaft and drop 3 floors!
  6704 | D:14     | Noticed a vault guard
  6887 | D:13     | Noticed Jorgrun
  6887 | D:13     | Noticed a four-headed hydra
  6939 | D:12     | Reached skill level 11 in Axes
  6994 | D:12     | Noticed a red ugly thing
  7005 | D:12     | Killed a red ugly thing
  7033 | D:12     | HP: 5/106 [Jorgrun/+0 vorpal quarterstaff (4)]
  7034 | D:12     | HP: 2/106 [killer bee (2)]
  7034 | D:12     | Slain by Jorgrun

Illustrated notes

Levels and vault maps discovered:
D:1:      psy_arrival_statuary, layout_basic
D:2:      layout_basic
D:3:      layout_rooms, gammafunk_ghost_abyssal_escape, uniq_sigmund
D:4:      layout_loops_ring, gammafunk_ghost_nasty_kobolds, grunt_ministairs_3,
          uniq_robin, uniq_eustachio
D:5:      layout_loops_ring, chequers_temple_overflow_statue_of_worship,
          uniq_duvessa
D:6:      layout_basic, uniq_maggie
D:7:      layout_basic, minmay_temple_entry_mini_moons, serial_shops,
          nicolae_shop_waterfront
D:8:      layout_loops_ring
D:9:      layout_roguey, serial_shops, shop_fountains,
          nemelex_dance_club_becter, uniq_prince_ribbit1
D:10:     layout_basic, dpeg_oklobed_lair, enter_bailey_3
D:11:     layout_basic, serial_shops, nicolae_shop_crystal
D:12:     layout_rooms, orc_0_dummy
D:13:     layout_loops_ring, uniq_erolcha, uniq_kirke, uniq_jorgrun
D:14:     layout_grid_maze, grunt_vaults_entry_fortified, amethyst_killhole
Temple:   regret_index_temple_chain_breaker

Skill      XL: |  1  2  3  4  5  6  7  8  9 10 11 |
---------------+----------------------------------+-----
Fighting       | 3 4 5 6 8 9 |  9.6
Axes           | 3 4 5 6 7 9 10 11 | 11.3
Armour         | 4 5 6 7 8 |  8.7
Dodging        | 1 2 3 4 5 6 7 |  7.6
Invocations    | 3 5 6 |  6.8
Shields        | |  3.6

Action                   |  1- 3 |  4- 6 |  7- 9 | 10-12 || total
-------------------------+-------+-------+-------+-------++-------
Melee: War axe           |    68 |   156 |   331 |   196 ||   751
       Executioner's axe |       |       |       |   121 ||   121
 Abil: Heal Wounds       |     1 |     4 |    14 |    26 ||    45
  Use: Scroll            |       |       |    15 |     1 ||    16
       Potion            |       |       |     2 |     3 ||     5
Armor: Scale mail        |    39 |    84 |    55 |       ||   178
       Chain mail        |       |       |    53 |       ||    53
       Plate armour      |       |       |    98 |   306 ||   404
Dodge: Dodged            |    25 |    48 |   134 |   322 ||   529
Block: Kite shield       |    48 |    83 |   213 |   187 ||   531

Table legend: (Time is in decaauts)
 A = Elapsed time spent in this place.
 B = Non-inter-level travel time spent in this place.
 C = Inter-level travel time spent in this place.
 D = Time resting spent in this place.
 E = Time spent auto-exploring this place.
 F = Levels seen in this place.
 G = Mean time per level.
                   A        B        C        D        E       F      G
               +--------+--------+--------+--------+--------+-----+--------+
         Total |   7327 |   6845 |    482 |     21 |   4648 |  16 |  457.9 |
       Dungeon |   6750 |   6299 |    451 |     21 |   4535 |  14 |  482.1 |
        Temple |    120 |     90 |     30 |      0 |     88 |   1 |  120.0 |
        Bailey |    456 |    456 |      0 |      0 |     25 |   1 |  456.0 |
               +--------+--------+--------+--------+--------+-----+--------+

Top non-repeatable levels by time:
     D:7: 1005 daAuts
    D:10: 912 daAuts
     D:4: 856 daAuts
     D:5: 743 daAuts
     D:8: 736 daAuts
     D:2: 694 daAuts
     D:6: 549 daAuts
     D:9: 491 daAuts
  Bailey: 456 daAuts
     D:1: 237 daAuts
    D:14: 186 daAuts
    D:12: 157 daAuts
  Temple: 120 daAuts
     D:3: 90 daAuts
    D:11: 71 daAuts
